 Dungeon Crawl Stone Soup version 0.29.1-2-gbd0b4ee654 (webtiles) character file.

Game seed: 7863071525883957003

181 GorkyZ the Shield-Bearer (level 5, -6/33 HPs)
             Began as a Gargoyle Fighter on Nov 20, 2022.
             Was an Initiate of Gozag.
             Mangled by an ogre
             ... wielding a +0 giant spiked club
              (15 damage)
             ... on level 4 of the Dungeon.
             The game lasted 00:09:21 (3634 turns).

GorkyZ the Shield-Bearer (Gargoyle Fighter)         Turns: 3634, Time: 00:09:21

Health: -6/33      AC: 14    Str: 21    XL:     5   Next: 61%
Magic:  5/5        EV:  7    Int:  9    God:    Gozag
Gold:   167        SH:  9    Dex:  9    Spells: 4/4 levels left

rFire   . . .      SeeInvis +   B - +9 spear of the Yoke {venom, Will+ SInv}
rCold   . . .      Faith    .   c - +0 buckler
rNeg    + . .      Spirit   .   m - +0 chain mail
rPois   ∞          Reflect  +   (no helmet)
rElec   +          Harm     .   (no cloak)
rCorr   .          Rampage  .   y - +0 pair of gloves
Will    ++...                   (no boots)
Stlth   ..........              f - amulet of reflection
HPRegen 0.11/turn               i - ring of willpower
MPRegen 0.09/turn               (no ring)

@: no status effects
A: sickness immunity, AC +4, negative energy resistance 1, electricity
resistance, torment resistance 1, petrification resistance
a: Renounce Religion, Potion Petition, Call Merchant, Bribe Branch


You were on level 4 of the Dungeon.
You worshipped Gozag.
Gozag was aware of your devotion.
You visited 1 branch of the dungeon, and saw 4 of its levels.

You collected 208 gold pieces.
You paid 41 gold pieces to Gozag.

Inventory:

Hand Weapons
 a - a +0 war axe
 B - the +9 spear of the Yoke (weapon) {venom, Will+ SInv}
   (You found it on level 3 of the Dungeon)

   It poisons the flesh of those it strikes.
   SInv:      It lets you see invisible.
   Will:      It increases your willpower.
Missiles
 h - 4 poisoned darts (quivered)
Armour
 b - a +0 scale mail
 c - a +0 buckler (worn)
 m - a +0 chain mail (worn)
 y - a +0 pair of gloves (worn)
Jewellery
 f - an amulet of reflection (around neck)
 i - a ring of willpower (left hand)
 r - a ring of wizardry
Wands
 w - a wand of quicksilver (11)
 D - a wand of charming (5)
Scrolls
 e - a scroll of fog {unknown}
 g - a scroll of acquirement {unknown}
 l - a scroll of magic mapping {unknown}
 o - 4 scrolls of teleportation {unknown}
 q - a scroll of torment {unknown}
 s - 2 scrolls of blinking {unknown}
 u - a scroll of identify {unknown}
 C - 2 scrolls of silence {unknown}
 E - a scroll of vulnerability {unknown}
 F - a scroll of fear {unknown}
Potions
 d - a potion of might
 j - a potion of invisibility {unknown}
 k - a potion of heal wounds {unknown}
 n - a potion of ambrosia {unknown}
 p - 2 potions of mutation {unknown}
 t - a potion of magic {unknown}
 v - 4 potions of curing {unknown}
 x - a potion of attraction {unknown}
 z - a potion of lignification {unknown}
 A - a potion of flight {unknown}


   Skills:
 + Level 4.0 Fighting
 - Level 2.5 Axes
 + Level 0.3(1.5) Polearms
 + Level 1.4 Throwing
 + Level 4.0 Armour
 + Level 4.2 Shields
 + Level 1.6 Evocations


You had 4 spell levels left.
You didn't know any spells.
Your spell library contained the following spells:

 Spells                   Type           Power      Damage    Failure   Level
 Foxfire                  Conj/Fire      0%         2x1d4     99%         1
 Call Canine Familiar     Summ           0%         N/A       100%        3
 Conjure Flame            Conj/Fire      0%         6-21      100%        3
 Inner Flame              Hex/Fire       0%         N/A       100%        3
 Portal Projectile        Hex/Tloc       0%         N/A       100%        3
 Flame Wave               Conj/Fire      0%         2d4       100%        4
 Leda's Liquefaction      Hex/Erth       0%         N/A       100%        4


Dungeon Overview and Level Annotations

Branches:
Dungeon (4/15)
 Temple: D:4-7

Altars:
Gozag
Kikubaaqudgha
Xom


Innate Abilities, Weirdness & Mutations

You are immune to sickness and miasma.
Your stone body is resilient. (AC +4)
You are immune to poison.
You resist negative energy. (rN+)
You are resistant to electric shocks. (rElec)
You are resistant to unholy torment.
You are immune to petrification.


Message History

No target in view!
No target in view!
No target in view!
No target in view!
No target in view!
No target in view!
No target in view!
No target in view!
No target in view!
No target in view!
No target in view!
No target in view!
No target in view!
No target in view!
You now have 160 gold pieces (gained 17).
Things that are here:
a +0 club; a +0 robe You now have 167 gold pieces (gained 7).
Things that are here:
a +0 whip; 5 stones You pick up a book of the Hunter and begin reading...
You add the spells Call Canine Familiar, Portal Projectile and Leda's Liquefaction to your library.
An ogre comes into view. It is wielding a +0 giant spiked club.
The ogre shouts!
You reach to attack!
You puncture the ogre!
The ogre is poisoned.
The ogre is moderately wounded.
You puncture the ogre!
The ogre looks as sick as possible!
The ogre is severely wounded.
The ogre hits you with a +0 giant spiked club!!
Ouch! That really hurt!
* * * LOW HITPOINT WARNING * * *
You are too injured to fight recklessly!
You are too injured to fight recklessly!
Unknown command.
You are too injured to fight recklessly!
You closely miss the ogre.
The ogre is severely wounded.
The ogre hits you with a +0 giant spiked club!
You die...
Your body crumbles into a pile of gold.

..# #. ..# #.####
..####
#....###..#...
#..#.........
#.....#...#.#
#.#.#.#.#.#.#
#.#.#
#..O...)..#.#
#.#.#
#.#@#.#)###.#
#.#.# #.....#.#
#.# #.#.#
###.###.# #.#
#.#..
#.###.###.####.#.#
#..##.#.....^....#
##.##.............
#.###(>##.###.#..
#.# #..##.###.#..
#.# #..##.....#..


You could see an ogre (extremely poisoned).

Vanquished Creatures
  2 orc priests
  3 adders
  2 dart slugs
  8 orcs
  2 ball pythons
  6 bats
  3 endoplasms
  6 giant cockroaches
  10 goblins
  3 hobgoblins
  11 jackals
  2 quokkas
  4 frilled lizards
  9 kobolds
  5 rats
  6 bushes (D:1)
82 creatures vanquished.

Vanquished Creatures (others)
  15 plants (D:1)
15 creatures vanquished.

Grand Total: 97 creatures vanquished

Notes
Turn   | Place    | Note
-------+----------+-------------------------------------------
     0 | D:1      | GorkyZ the Gargoyle Fighter began the quest for the Orb.
     0 | D:1      | Reached XP level 1. HP: 14/14 MP: 1/1
   203 | D:1      | Reached XP level 2. HP: 19/19 MP: 2/2
   556 | D:1      | You fall into a shaft and drop 1 floor!
   581 | D:2      | Reached XP level 3. HP: 23/23 MP: 3/3
   677 | D:2      | Reached skill level 1 in Evocations
  1043 | D:2      | Found a faded altar of an unknown god.
  1500 | D:1      | Reached XP level 4. HP: 28/28 MP: 4/4
  1891 | D:1      | Reached skill level 1 in Throwing
  2725 | D:3      | Found Efocujer's General Store.
  2895 | D:3      | Reached XP level 5. HP: 16/33 MP: 5/5
  3048 | D:3      | Identified the +9 spear of the Yoke {venom, Will+ SInv}
  3308 | D:4      | Found an opulent altar of Gozag.
  3312 | D:4      | Became a worshipper of Gozag Ym Sagoz the Greedy
  3316 | D:4      | Found a shimmering altar of Xom.
  3321 | D:4      | Found an ancient bone altar of Kikubaaqudgha.
  3424 | D:4      | Identified the +9 rapier "Roos" {vorpal, SInv}
  3629 | D:4      | Noticed an ogre
  3634 | D:4      | Mangled by an ogre

Illustrated notes

Levels and vault maps discovered:
D:1:      shiori_arrival_oz, layout_loops_ring, serial_forest,
          infiniplex_forest_clump_small, infiniplex_forest_clump_curved,
          infiniplex_forest_lined_3_way, infiniplex_forest_clump_small,
          infiniplex_forest_lined_room_2, infiniplex_forest_straight_2,
          infiniplex_forest_end_3, infiniplex_forest_corner_1,
          lexackson_kobold_supper
D:2:      layout_basic, dreamdust_ecumenical_altar_angels_and_demons,
          minmay_misc_feat_encased
D:3:      layout_rooms, serial_shops, nicolae_lakefront_shop
D:4:      layout_loops_ring, grunt_temple_overflow_diamond, minmay_manual_mail

Skill      XL: |  1  2  3  4  5 |
---------------+----------------+-----
Axes           | 2 |  2.5
Evocations     | 1 |  1.6
Throwing       | 1 |  1.4
Shields        | 4 |  4.2
Fighting       | 4 |  4.0
Armour         | 4 |  4.0
Polearms       | |  0.3

Action                   |  1- 3 |  4- 6 || total
-------------------------+-------+-------++-------
Melee: War axe           |   100 |   322 ||   422
       Spear             |       |    25 ||    25
Armor: Scale mail        |    31 |       ||    31
       Chain mail        |    27 |    46 ||    73
Dodge: Dodged            |    44 |    29 ||    73
Block: Buckler           |    47 |    50 ||    97
       Reflection        |       |     1 ||     1
